 Dungeon Crawl Stone Soup version 0.17.1-3-g152610e (webtiles) character file.

42 Charly the Insei (level 3, -1/17 HPs)
             Began as a Vine Stalker Transmuter on Apr 29, 2016.
             Slain by Sigmund
             ... wielding a +4 scythe of slicing
              (10 damage)
             ... on level 2 of the Dungeon.
             The game lasted 00:05:27 (377 turns).

Charly the Insei (Vine Stalker Transmuter)           Turns: 377, Time: 00:05:27

Health: -1/17      AC:  2    Str: 12    XL:     3   Next: 56%
Magic:  0/7        EV:  7    Int: 13    God:
Gold:   29         SH:  0    Dex: 15    Spells: 2 memorised, 3 levels left

rFire  . . .     SeeInvis .     h - +3 dagger (drain)
rCold  . . .     Clarity  .     b - +0 robe
rNeg   . . .     SustAt   .     (no shield)
rPois  .         Gourm    .     (no helmet)
rElec  .         Spirit   +     (no cloak)
rCorr  .         Warding  .     (no gloves)
rMut   .         Stasis   .     (no boots)
MR     .....                    (no amulet)
Stlth  +.........               (no ring)
                                (no ring)

@: drained, not resistant to hostile enchantments, very unstealthy
A: fangs 2, regeneration 1, magic shield, antimagic bite, no device heal 3, rot
immunity
a: no special abilities


You were on level 2 of the Dungeon.
You were not hungry.

You visited 1 branch of the dungeon, and saw 2 of its levels.

You collected 29 gold pieces.

Inventory:

Hand Weapons
 h - a +3 dagger of draining (weapon)
 m - a +1 short sword of venom
Missiles
 a - 8 arrows
Armour
 b - a +0 robe (worn)
Jewellery
 n - a cursed ring of loudness {unknown}
Scrolls
 i - 3 scrolls of recharging {unknown}
 k - a scroll of identify {unknown}
Potions
 e - 4 potions of cancellation {unknown}
 g - 2 potions of degeneration {unknown}
 j - a potion of cure mutation {unknown}
 l - a potion of resistance {unknown}
Books
 c - a book of Changes

   Spells                             Type                      Level
   a - Beastly Appendage              Transmutation                1
   b - Sticks to Snakes               Transmutation                2
   c - Spider Form                    Transmutation/Poison         3
   d - Ice Form                       Ice/Transmutation            4
   e - Blade Hands                    Transmutation                5
Comestibles
 d - 3 bread rations
 f - a meat ration


   Skills:
 - Level 0.8(0.5) Fighting
 - Level 1.5(1.2) Dodging
 + Level 4.0(3.6) Unarmed Combat
 - Level 2.1(1.9) Spellcasting
 + Level 2.8(2.5) Transmutations


You had 3 spell levels left.
You knew the following spells:

 Your Spells              Type           Power        Failure   Level  Hunger
a - Beastly Appendage     Trmt           #.....       12%         1    ##.....
s - Sticks to Snakes      Trmt           #.........   17%         2    ###....


Dungeon Overview and Level Annotations

Branches:
Dungeon (2/15)

Altars:

Annotations:
D:2 Sigmund


Innate Abilities, Weirdness & Mutations

You have extremely sharp teeth.
Your natural rate of healing is unusually fast.
When hurt, damage is shared between your health and your magic reserves.
Your bite disrupts and absorbs the magic of your enemies.
Potions and wands cannot restore your health.
You are immune to rotting.


Message History

Sigmund misses you.
Your ball python closely misses the hobgoblin.
Your ball python grabs the hobgoblin.
Your ball python constricts the hobgoblin.
Your ball python bites the hobgoblin but does no damage.
Your ball python constricts the hobgoblin.
The hobgoblin struggles to escape constriction.
Your ball python bites the hobgoblin.
Your ball python constricts the hobgoblin.
The hobgoblin struggles to escape constriction.
Sigmund says, "Now you see me, now you don't..."
Sigmund points at you and mumbles some strange words.
The puff of flame hits you!
There is a stone staircase leading down here.
Your ball python bites the hobgoblin but does no damage.
Your ball python constricts the hobgoblin.
The hobgoblin escapes!
Sigmund hits you from afar with a scythe of slicing!
Ouch! That really hurt!
You die...

.######..†###......# .#
........†.†....# .# #.#
##..)....####..# #.# .%.
####....####..###.# ###.#
#<..#...........#### ##...#
#....#.#.#..####.S....###..##
$.####.......###............#
. ............g@..†...S<.#
....###....@.##.(......#
....# #......##..<.....# ..##
#......##........#
#......########### #......#
########


You could see Sigmund, a hobgoblin and a friendly ball python.

Vanquished Creatures
  An adder (D:2)
  2 oozes
  2 goblins (D:1)
  2 hobgoblins (D:1)
  5 bats
  2 giant newts
  3 jackals (D:1)
  5 kobolds
  A rat (D:2)
23 creatures vanquished.

Vanquished Creatures (collateral kills)
  A goblin (D:1)
  2 hobgoblins (D:1)
3 creatures vanquished.

Grand Total: 26 creatures vanquished

Notes
Turn   | Place    | Note
--------------------------------------------------------------
     0 | D:1      | Charly the Vine Stalker Transmuter began the quest for the Orb.
     0 | D:1      | Reached XP level 1. HP: 9/9 MP: 4/4
    60 | D:1      | Reached XP level 2. HP: 14/14 MP: 6/6
    65 | D:1      | Learned a level 2 spell: Sticks to Snakes
   143 | D:2      | Noticed Sigmund
   258 | D:2      | Reached XP level 3. HP: 3/17 MP: 1/7
   364 | D:2      | Reached skill level 4 in Unarmed Combat
   377 | D:2      | Slain by Sigmund

Action                   || total
-------------------------++-------
Melee: Unarmed           ||    21
       Dagger            ||    34
 Cast: Sticks to Snakes  ||     4
